 Dungeon Crawl Stone Soup version 0.29.0-4-gdea44cf6ec (webtiles) character file.

Game seed: 2553790516543932663

62 qw the Chopper (level 4, -6/26 HPs)
             Began as a Tengu Warper on Aug 28, 2022.
             Mangled by Robin
             ... wielding a +5 vampiric spear
              (8 damage)
             ... on level 2 of the Dungeon.
             The game lasted 00:00:08 (1703 turns).

qw the Chopper (Tengu Warper)                       Turns: 1703, Time: 00:00:09

Health: -6/26      AC:  4    Str: 13    XL:     4   Next: 8%
Magic:  8/8        EV:  4    Int: 13    God:
Gold:   152        SH:  8    Dex: 14    Spells: 7/7 levels left

rFire   . . .      SeeInvis .   Y - +0 hand axe
rCold   . . .      Faith    .   g - +0 kite shield
rNeg    . . .      Spirit   .   e - +0 chain mail
rPois   .          Reflect  .   (helmet restricted)
rElec   +          Harm     .   (no cloak)
rCorr   .          Rampage  .   (no gloves)
Will    .....      Rage     3%  (boots unavailable)
Stlth   ..........              (no amulet)
HPRegen 0.08/turn               (no ring)
MPRegen 0.11/turn               (no ring)

@: no status effects
A: beak, talons 3, antennae 1, berserk 1, deformed body, electricity resistance
a: no special abilities


You were on level 2 of the Dungeon.
You visited 1 branch of the dungeon, and saw 2 of its levels.

You collected 152 gold pieces.


Innate Abilities, Weirdness & Mutations

You have a beak for a mouth.
You have claws for feet.
You have a pair of small antennae on your head.
You sometimes lose your temper in combat.
Armour fits poorly on your strangely shaped body.
You are resistant to electric shocks. (rElec)


   Skills:
 - Level 2.0 Fighting
 + Level 3.7 Axes
 - Level 1.0 Throwing
 - Level 1.1 Armour
 - Level 2.1 Dodging
 - Level 2.3 Shields
 - Level 2.0 Spellcasting
 - Level 2.4 Translocations


You had 7 spell levels left.
You didn't know any spells.
Your spell library contained the following spells:

 Spells                   Type           Power      Damage    Failure   Level
 Blink                    Tloc           14%        N/A       100%        2
 Gell's Gravitas          Tloc           7%         N/A       100%        3
 Lesser Beckoning         Tloc           7%         N/A       100%        3
 Teleport Other           Tloc           7%         N/A       100%        3
 Manifold Assault         Tloc           7%         N/A       100%        5

Inventory:

Hand Weapons
 h - a +0 whip
 Y - a +0 hand axe (weapon)
Missiles
 j - 8 boomerangs (quivered)
Armour
 a - the +5 ring mail of Sloth {MP+9 Dex+6}
   (You found it on level 2 of the Dungeon)

   Dex:       It affects your dexterity (+6).
   MP:        It affects your magic capacity (+9).
 b - a +0 pair of gloves
 e - a +0 chain mail (worn)
 g - a +0 kite shield (worn)
Scrolls
 f - a scroll of identify {unknown}
 k - a scroll of butterflies {unknown}
Potions
 c - a potion of curing {unknown}
 d - a potion of resistance
 i - a potion of heal wounds {unknown}
 l - a potion of flight {unknown}
 m - a potion of brilliance {unknown}

Dungeon Overview and Level Annotations

Branches:
Dungeon (2/15)

Altars:

Annotations:
D:2 Robin


Message History

The boomerang hits the hobgoblin but does no damage.
Robin of the Strong Arm comes into view.
They are wielding a +5 vampiric spear.
A goblin comes into view. It is wielding a +0 dagger.
The goblin shouts!
You hear a shout!
Robin roars a battlecry!
The goblins go into a battle-frenzy!
A hobgoblin comes into view.
The hobgoblin shouts!
You hit the hobgoblin. Your kick misses the hobgoblin.
The hobgoblin is moderately wounded.
Robin throws the goblin at you! You block the goblin's attack.
The hobgoblin hits you but does no damage.
A goblin comes into view. It is wielding a +0 club.
The goblin hits you but does no damage. The hobgoblin hits you.
You barely miss the hobgoblin. You claw the hobgoblin. You peck the hobgoblin.
You kill the hobgoblin!
You hit the goblin. The goblin hits you but does no damage.
You hit the goblin.
You kill the goblin!
You block Robin's attack.
Robin hits you with a +5 vampiric spear.
Things that are here:
a +0 club; a hobgoblin corpse You hit Robin but do no damage.
Robin hits you with a +5 vampiric spear.
You completely miss Robin. You claw Robin, but do no damage. You peck Robin.
Robin is moderately wounded.
Robin hits you with a +5 vampiric spear. x2
Robin draws strength from your wounds!
You closely miss Robin.
Robin is lightly wounded.
You block Robin's attack.
You hit Robin.
Robin is moderately wounded.
Robin hits you with a +5 vampiric spear!
You hit Robin. Your peck misses Robin.
Robin is heavily wounded.
Robin hits you with a +5 vampiric spear!
You die...

#. #. #.
#.################
#######..#....).@ggg....
.....##..#.#############
.....##..#.#
.....#.[...#
.....#...### .....#...#
+#+#.....# .(.##...##
.........#


You could see Robin, a hobgoblin (strong) and a goblin (strong).

Vanquished Creatures
  Natasha (D:2)
  A worm (D:2)
  4 endoplasms
  5 goblins
  4 hobgoblins
  3 jackals (D:1)
  A quokka (D:2)
  4 ball pythons
  A bat (D:2)
  A frilled lizard (D:2)
  6 kobolds
  A rat (D:2)
32 creatures vanquished.

Vanquished Creatures (others)
  6 fungi (D:2)
  A plant (D:2)
7 creatures vanquished.

Grand Total: 39 creatures vanquished

Notes
Turn   | Place    | Note
-------+----------+-------------------------------------------
     0 | D:1      | qw the Tengu Warper began the quest for the Orb.
     0 | D:1      | Reached XP level 1. HP: 12/12 MP: 4/4
     0 | D:1      | 0 ||| qw: Version: 0.1-a-89-g26bdef1
     0 | D:1      | 0 ||| qw: Game counter: 2476
     0 | D:1      | 0 ||| qw: Always use a shield: true
     0 | D:1      | 0 ||| qw: God list: Okawaru
     0 | D:1      | 0 ||| qw: Allow faded altars: false
     0 | D:1      | 0 ||| qw: Do Orc after D:15 true
     0 | D:1      | 0 ||| qw: Do second Lair branch before Depths: true
     0 | D:1      | 0 ||| qw: Lair rune preference: random
     0 | D:1      | 0 ||| qw: Plans: Normal
     0 | D:1      | 0 ||| PLANNING D:1-11
   246 | D:1      | Reached XP level 2. HP: 14/17 MP: 6/6
   312 | D:1      | Reached skill level 3 in Axes
   704 | D:1      | 704 ||| DROPPING +0 club.
   931 | D:1      | 931 ||| UPGRADING to +0 chain mail.
   941 | D:1      | 941 ||| DROPPING +0 leather armour.
   942 | D:1      | 942 ||| UPGRADING to +0 kite shield.
   947 | D:1      | 947 ||| READING scroll labelled ARYWOSOAHU.
   948 | D:1      | 948 ||| DRINKING 2 brown potions.
   949 | D:1      | 949 ||| DRINKING 2 coppery potions.
   949 | D:1      | Gained mutation: You occasionally lose the ability to read
                  | scrolls when taking damage. [potion of mutation]
   949 | D:1      | Gained mutation: You are agile. (Dex +4, Str/Int -1)
                  | [potion of mutation]
   949 | D:1      | Gained mutation: You have a pair of small antennae on your
                  | head. [potion of mutation]
   950 | D:1      | 950 ||| DRINKING potion of mutation.
   950 | D:1      | Lost mutation: You occasionally lose the ability to read
                  | scrolls when taking damage. [potion of mutation]
   950 | D:1      | Lost mutation: You are agile. (Dex +4, Str/Int -1) [potion
                  | of mutation]
   950 | D:1      | Lost mutation: You have a pair of small antennae on your
                  | head. [potion of mutation]
   950 | D:1      | Gained mutation: You are resistant to electric shocks.
                  | (rElec) [potion of mutation]
   950 | D:1      | Gained mutation: Armour fits poorly on your strangely
                  | shaped body. [potion of mutation]
   950 | D:1      | Gained mutation: You sometimes lose your temper in combat.
                  | [potion of mutation]
   950 | D:1      | Gained mutation: You have a pair of small antennae on your
                  | head. [potion of mutation]
   951 | D:1      | 951 ||| DROPPING scroll of blinking.
   968 | D:2      | Identified the +5 ring mail of Sloth {MP+9 Dex+6}
   995 | D:2      | Found a faded altar of an unknown god.
  1002 | D:2      | 1002 ||| Stepping ~*~*~tactically~*~*~ (stealth).
  1003 | D:2      | 1003 ||| Stepping ~*~*~tactically~*~*~ (stealth).
  1004 | D:2      | 1004 ||| Stepping ~*~*~tactically~*~*~ (stealth).
  1009 | D:2      | 1009 ||| Stepping ~*~*~tactically~*~*~ (stealth).
  1076 | D:2      | Reached skill level 1 in Shields
  1143 | D:2      | Reached XP level 3. HP: 21/21 MP: 7/7
  1148 | D:2      | Noticed Natasha
  1153 | D:2      | Killed Natasha
  1597 | D:2      | Reached XP level 4. HP: 20/26 MP: 8/8
  1692 | D:2      | Noticed Robin
  1702 | D:2      | HP: 2/26 [Robin/+5 vampiric spear (7)]
  1703 | D:2      | Mangled by Robin

Levels and vault maps discovered:
D:1:      dpeg_arrival_renting, layout_basic, supply_closet_lemuel
D:2:      layout_basic, dreamdust_ecumenical_altar_grove, uniq_robin,
          uniq_natasha

Skill      XL: |  1  2  3 |
---------------+----------+-----
Axes           | 3 |  3.7
Shields        | 1 2 |  2.3
Fighting       | |  2.0
Throwing       | |  1.0
Armour         | |  1.1
Dodging        | |  2.1
Spellcasting   | |  2.0
Translocations | |  2.4

Action                   |  1- 3 |  4- 6 || total
-------------------------+-------+-------++-------
Melee: Hand axe          |    47 |     8 ||    55
       Peck              |    14 |     2 ||    16
       Kick              |    12 |     2 ||    14
Throw: Boomerang         |    25 |     5 ||    30
  Use: Potion            |     3 |       ||     3
       Scroll            |     1 |       ||     1
Armor: Leather armour    |     7 |       ||     7
       Chain mail        |     4 |     3 ||     7
Dodge: Dodged            |    11 |       ||    11
Block: Kite shield       |    10 |     3 ||    13

Table legend:
 A = Non-vault XP
 B = Vault XP
 C = Vault XP percentage of total XP
 D = Non-vault monster count
 E = Vault monster count
 F = Vault count percentage of total count
                 A         B        C        D         E       F
            +---------+---------+-------+---------+---------+-------
      Total |      45 |      44 |  49.4 |      27 |       5 |  15.6
            +---------+---------+-------+---------+---------+-------
        D:1 |      21 |       0 |   0.0 |      13 |       0 |   0.0
        D:2 |      24 |      44 |  64.7 |      14 |       5 |  26.3
            +---------+---------+-------+---------+---------+-------
